 Dungeon Crawl Stone Soup version 0.31-a0-303-gdc8c9485ea (webtiles) character file.

Game seed: 16197528219210112939

50 Pooter the Chopper (level 3, -10/33 HPs)
             Began as a Minotaur Berserker on July 16, 2023.
             Was a Believer of Trog.
             Killed from afar by Sigmund (13 damage)
             ... with a puff of flame
             ... on level 2 of the Dungeon.
             The game lasted 00:08:48 (973 turns).

Pooter the Chopper (Minotaur Berserker)              Turns: 973, Time: 00:08:49

Health: -10/33     AC:  3    Str: 23    XL:     3   Next: 55%
Magic:  2/2        EV: 12    Int:  4    God:    Trog [**....]
Gold:   100        SH:  0    Dex:  9    Spells: 2/2 levels left

rFire   . . .        a - +2 flail (holy)
rCold   . . .        (no shield)
rNeg    . . .        c - +0 animal skin
rPois   .            (helmet restricted)
rElec   .            (no cloak)
rCorr   .            k - +0 pair of gloves
SInv    .            (no boots)
Will    .....        (no amulet)
Stlth   +            (no ring)
HPRegen 0.25/turn    (no ring)
MPRegen 0.08/turn

%: no passive effects
@: on berserk cooldown, slowed, very slow
A: horns 2, retaliatory headbutt
a: Renounce Religion, Berserk, Trog's Hand


You were on level 2 of the Dungeon.
You worshipped Trog.
Trog was pleased with you.
You visited 1 branch of the dungeon, and saw 2 of its levels.

You collected 100 gold pieces.

Inventory:

Hand Weapons
 a - a +2 flail of holy wrath (weapon)
   (You found it on level 1 of the Dungeon)
 b - a +0 sling
   (You found it on level 1 of the Dungeon)
 d - a +0 hand axe
Missiles
 h - 3 poisoned darts
 Q - 16 stones (quivered)
Armour
 c - a +0 animal skin (worn)
 k - a +0 pair of gloves (worn)
   (You found it on level 2 of the Dungeon)
Scrolls
 g - a scroll of immolation {!r}
 j - 2 scrolls of enchant weapon
 l - a scroll of enchant armour
 t - a scroll of teleportation {@r4}


   Skills:
 + Level 4.0 Fighting
 * Level 4.4 Axes
 * Level 2.2 Ranged Weapons
 - Level 2.4 Armour
 - Level 2.1 Dodging


You had 2 spell levels left.
You didn't know any spells.
Your spell library was empty.

Dungeon Overview and Level Annotations

Branches:
Dungeon (2/15) Zot: 11000

Altars:
Hepliaklqana

Annotations:
D:2 1 runed translucent door, Crazy Yiuf, Sigmund


Innate Abilities, Weirdness & Mutations

You have a pair of horns on your head.
You reflexively headbutt those who attack you in melee.


Message History

You are exhausted.
You feel yourself slow down.
Sigmund mumbles some strange words.
Sigmund flickers and vanishes!
Deactivating autopickup; reactivate with Ctrl-A.
Found a murky purple potion, a scroll labelled QOXAMN ZIYCOE and 6 stones.
You are too confused!
It was a potion of heal wounds.
You feel much better.
You feel less confused. Something hits you but does no damage.
Your skin crawls.
You feel strong-willed. Something barely misses you. Something hits you!
You hit something. Something hits you. Something hits you.
You sock something! Something completely misses you.
Unknown command.
You barely miss something. Something barely misses you.
You sock something! Your headbutt misses something.
You feel the effects of Trog's Hand fading.
Something hits you but does no damage. Something hits you!
You miss something. Something barely misses you.
You barely miss something. You headbutt something.
You hear some strange, mumbled words.
You are confused.
Unknown command.
You closely miss something. Your headbutt misses something.
Your skin stops crawling.
You feel less strong-willed.
You hear some strange, mumbled words.
Something tries to affect you, but you resist.
Something hits you.
An adder comes into view.
The adder hisses angrily.
You hear some strange, mumbled words.
A magic dart appears from out of thin air!
The magic dart hits you!
* * * LOW HITPOINT WARNING * * *
An endoplasm comes into view.
You closely miss something. Your headbutt misses something.
You feel less confused.
You hear some strange, mumbled words.
A puff of flame appears from out of thin air!
The puff of flame hits you!
* * * LOW HITPOINT WARNING * * *
You hear some strange, mumbled words.
A puff of flame appears from out of thin air!
The puff of flame hits you!
You die...

#†###.._...##### #.. ...
#......###..# #... ..#.
#.......##..#### ##..#? ...#.#
#..............####...!.. #..#
#......................# #. #..
#.....)..........#....#.. #.. ##.
.................#......#.##..###
...........###.{........# .......
........##......@.........#....#.
.......###.).###.....##.#.#..#<..
#..######..#..###.....#........##
#..#......###.....S#...##......#
##.>.###### #.................#
#...# ...........#....<# #..##
....J....(.#.....## ....#
........ #....... .#... ...
#.......


You could see an adder and an endoplasm.

Vanquished Creatures
  A worm (D:2)
  A dart slug (D:1)
  5 ball pythons
  3 endoplasms (D:1)
  A giant cockroach (D:1)
  3 goblins
  2 hobgoblins (D:1)
  3 jackals (D:1)
  6 kobolds
  6 quokkas
  4 bats
  4 frilled lizards (D:1)
  A rat (D:1)
40 creatures vanquished.

Notes
Turn   | Place    | Note
-------+----------+-------------------------------------------
     0 | D:1      | Pooter the Minotaur Berserker began the quest for the Orb.
     0 | D:1      | Reached XP level 1. HP: 19/19 MP: 0/0
   164 | D:1      | Reached skill level 1 in Ranged Weapons
   169 | D:1      | Reached XP level 2. HP: 27/27 MP: 1/1
   395 | D:1      | Reached XP level 3. HP: 33/33 MP: 2/2
   443 | D:1      | Reached ** piety under Trog
   663 | D:2      | Found a faded altar of an unknown god.
   670 | D:2      | Noticed Sigmund
   715 | D:2      | Found a hazy altar of Hepliaklqana.
   907 | D:2      | Found a runed translucent door.
   908 | D:2      | Noticed Crazy Yiuf
   973 | D:2      | Killed from afar by Sigmund

Illustrated notes

Levels and vault maps discovered:
D:1:      mushboom_english_gardens, layout_basic, minmay_tiny_reverse_x
D:2:      layout_rooms, basic_altar, basic_ecumenical_altar, uniq_sigmund,
          uniq_crazy_yiuf_cottage

Skill      XL: |  1  2  3 |
---------------+----------+-----
Ranged Weapons | 1 2 |  2.2
Axes           | 4 |  4.4
Fighting       | 4 |  4.0
Armour         | |  2.4
Dodging        | |  2.1

Action                     || total
---------------------------++-------
  Melee: Hand axe          ||    14
         Headbutt          ||     3
         Flail             ||    37
   Fire: Sling             ||    62
 Invoke: Berserk           ||     1
         Trog's Hand       ||     1
    Use: Scroll            ||     4
         Potion            ||     1
 Armour: Animal skin       ||    15
  Dodge: Dodged            ||    43

Table legend: (Time is in decaauts)
 A = Elapsed time spent in this place.
 B = Non-inter-level travel time spent in this place.
 C = Inter-level travel time spent in this place.
 D = Time resting spent in this place.
 E = Time spent auto-exploring this place.
 F = Levels seen in this place.
 G = Mean time per level.
                   A        B        C        D        E       F      G
               +--------+--------+--------+--------+--------+-----+--------+
         Total |    997 |    983 |     14 |    156 |    428 |   2 |  498.5 |
       Dungeon |    997 |    983 |     14 |    156 |    428 |   2 |  498.5 |
               +--------+--------+--------+--------+--------+-----+--------+

Top non-repeatable levels by time:
     D:1: 583 daAuts
     D:2: 414 daAuts
